 Dungeon Crawl Stone Soup version 0.30-a0-424-g7412bad402 (webtiles) character file.

Game seed: 3448374085222416523

127 Gennas the Vexing (level 4, -1/31 HPs)
             Began as a Spriggan Enchanter on Dec 9, 2022.
             Slain by Ijyb
             ... wielding a +0 dagger
              (2 damage)
             ... on level 3 of the Dungeon.
             The game lasted 00:05:40 (2426 turns).

Gennas the Vexing (Spriggan Enchanter)              Turns: 2426, Time: 00:05:42

Health: -1/31      AC: 22    Str:  4    XL:     4   Next: 85%
Magic:  29/29      EV:  4    Int: 16    God:
Gold:   184        SH:  0    Dex: 17    Spells: 1/12 levels left

rFire   . . .      SeeInvis +    a - +2 dagger
rCold   . . .      Faith    .    (no shield)
rNeg    . . .      Spirit   .    (body armour currently unavailable)
rPois   +          Reflect  .    (helmet currently unavailable)
rElec   .          Harm     .    (cloak currently unavailable)
rCorr   .          Rampage  .    (gloves unavailable)
Will    .....      NoTele   +    (boots unavailable)
Stlth   +.........               (no amulet)
HPRegen 0.25/turn                f - ring of magical power
MPRegen 0.21/turn                l - ring of magical power

@: confused, tree-form, hasted, very quick
A: stationary, stasis, torment immunity, boosted hp, very small, no large
weapons, unfitting armour, see invisible, (speed 3)
a: no special abilities


You were on level 3 of the Dungeon.
You were a tree.
You visited 1 branch of the dungeon, and saw 3 of its levels.

You collected 184 gold pieces.

Inventory:

Hand Weapons
 a - a +2 dagger (weapon)
Missiles
 n - 5 curare-tipped darts (quivered)
Armour
 j - a +2 robe of willpower (melded)
Jewellery
 f - a ring of magical power (left branch)
 l - a ring of magical power (right branch)
Potions
 c - 2 potions of invisibility
 e - a potion of might
 g - 2 potions of flight
 h - 2 potions of lignification
 k - a potion of berserk rage {unknown}


   Skills:
 - Level 1.1 Short Blades
 - Level 2.6 Dodging
 - Level 4.4 Stealth
 + Level 4.8 Spellcasting
 + Level 5.4 Hexes


You had one spell level left.
You knew the following spells:

 Your Spells              Type           Power      Damage    Failure   Level
a - Ensorcelled Hibernat  Hex/Ice        24%        N/A       8%          2
b - Tukima's Dance        Hex            21%        N/A       4%          3
c - Dazzling Flash        Conj/Hex       24%        N/A       16%         3
d - Confusing Touch       Hex            21%        N/A       4%          3

Your spell library contained the following spells:

 Spells                   Type           Power      Damage    Failure   Level


Dungeon Overview and Level Annotations

Branches:
Dungeon (3/15)

Altars:

Shops:
D:1 [

Annotations:
D:3 Ijyb


Innate Abilities, Weirdness & Mutations

You are a tree.
Your roots penetrate the ground, keeping you stationary.
You cannot be teleported.
You are immune to unholy pain and torment.
Your maximum health is greatly increased.
Your equipment is partially melded.
You are very small and have problems with some larger weapons.
You are too small for most types of armour.
You have supernaturally acute eyesight. (SInv)
((You cover ground extremely quickly. (Speed+++)))


Message History

You cannot move. (Use ctrl+direction or * direction to attack while stationary and confused.)
You cannot move. (Use ctrl+direction or * direction to attack while stationary and confused.)
You cannot move. (Use ctrl+direction or * direction to attack while stationary and confused.)
You cannot move. (Use ctrl+direction or * direction to attack while stationary and confused.)
You cannot move. (Use ctrl+direction or * direction to attack while stationary and confused.) Unknown command.
You cannot move. (Use ctrl+direction or * direction to attack while stationary and confused.) Unknown command.
You cannot move. (Use ctrl+direction or * direction to attack while stationary and confused.) Unknown command.
Unknown command.
Unknown command.
Unknown command.
Unknown command.
Unknown command.
You cannot move. (Use ctrl+direction or * direction to attack while stationary and confused.)
You closely miss Ijyb.
Ijyb is severely wounded.
You feel sick. The adder bites you but does no damage.
Ijyb hits you but does no damage. The rat bites you but does no damage.
The rat barely misses you.
You hit the rat.
You kill the rat!
The adder bites you but does no damage.
You miss Ijyb.
Ijyb is severely wounded.
You feel sick. Ijyb barely misses you. The rat bites you but does no damage.
The adder bites you but does no damage.
You attack the rock wall.
You feel sick. Ijyb hits you with a +0 dagger.
* * * LOW HITPOINT WARNING * * *
The rat bites you but does no damage. The adder bites you but does no damage.
You closely miss Ijyb.
Ijyb is severely wounded.
You closely miss Ijyb.
Ijyb is severely wounded.
* * * LOW HITPOINT WARNING * * *
You feel sick.
You are no longer poisoned.
The adder bites you but does no damage. Ijyb hits you with a +0 dagger.
You die...

..#.............#....#
..... #.........##<###
#....##.##.###..####..
. >.......# ##)# #.#
#...#..##.# #.####..
.###. ##...## #.......
...... #.###.#
########
......###....# #.[..†.
......g♣S##### #......
......†.r# #......
.........# #......
##...#..... ........
#...##...... #.......
#.. #........ #.......
... #........ ##......
... #........
#........


You could see Ijyb, an adder and a rat.

Vanquished Creatures
  Jessica (D:2)
  An adder (D:3)
  4 worms (D:2)
  4 dart slugs
  6 orcs (D:3)
  4 bats
  4 endoplasms
  2 giant cockroaches (D:1)
  6 goblins
  4 hobgoblins
  4 jackals (D:3)
  4 kobolds
  4 quokkas
  4 ball pythons
  6 frilled lizards
  5 rats
63 creatures vanquished.

Notes
Turn   | Place    | Note
-------+----------+-------------------------------------------
     0 | D:1      | Gennas the Spriggan Enchanter began the quest for the Orb.
     0 | D:1      | Reached XP level 1. HP: 9/9 MP: 5/5
    20 | D:1      | Found Nomyaj's Armour Shop.
    44 | D:1      | Found a faded altar of an unknown god.
   134 | D:1      | Reached skill level 4 in Hexes
   226 | D:1      | Reached XP level 2. HP: 13/13 MP: 7/7
   229 | D:1      | Learned a level 2 spell: Ensorcelled Hibernation
   788 | D:1      | Reached XP level 3. HP: 16/16 MP: 9/9
   792 | D:1      | Learned a level 3 spell: Tukima's Dance
   796 | D:1      | Learned a level 3 spell: Confusing Touch
  1768 | D:2      | Noticed Jessica
  1786 | D:2      | Killed Jessica
  1787 | D:2      | Reached skill level 5 in Hexes
  1787 | D:2      | Reached XP level 4. HP: 17/21 MP: 11/11
  2086 | D:3      | Learned a level 3 spell: Dazzling Flash
  2387 | D:3      | Noticed Ijyb
  2426 | D:3      | HP: 1/31 [poisoned by an adder]
  2426 | D:3      | Slain by Ijyb

Illustrated notes

Levels and vault maps discovered:
D:1:      wheals_arrival_shading, layout_basic, serial_shops,
          nicolae_shop_trees, chequers_ecumenical_altar_simple
D:2:      layout_loops_corners, uniq_jessica
D:3:      layout_basic, minitemple, amethyst_killhole, uniq_ijyb

Skill      XL: |  1  2  3 |
---------------+----------+-----
Spellcasting   | 3 4 |  4.8
Hexes          | 4 5 |  5.4
Short Blades   | |  1.1
Dodging        | |  2.6
Stealth        | |  4.4

Action                   |  1- 3 |  4- 6 || total
-------------------------+-------+-------++-------
Melee: Dagger            |   104 |    82 ||   186
       Punch             |       |     1 ||     1
 Cast: Ensorcelled Hiber |     9 |     9 ||    18
       Dazzling Flash    |       |     3 ||     3
       Confusing Touch   |       |     1 ||     1
  Use: Scroll            |     9 |     1 ||    10
       Potion            |       |     4 ||     4
 Stab: Sleeping          |    21 |     8 ||    29
       Distracted        |     1 |     1 ||     2
       Confused          |       |     1 ||     1
Armor: Robe              |     6 |    17 ||    23
       Skin              |       |    17 ||    17
Dodge: Dodged            |    65 |   100 ||   165

Table legend: (Time is in decaauts)
 A = Elapsed time spent in this place.
 B = Non-inter-level travel time spent in this place.
 C = Inter-level travel time spent in this place.
 D = Time resting spent in this place.
 E = Time spent auto-exploring this place.
 F = Levels seen in this place.
 G = Mean time per level.
                   A        B        C        D        E       F      G
               +--------+--------+--------+--------+--------+-----+--------+
         Total |   1727 |   1683 |     44 |      0 |   1226 |   3 |  575.7 |
       Dungeon |   1727 |   1683 |     44 |      0 |   1226 |   3 |  575.7 |
               +--------+--------+--------+--------+--------+-----+--------+

Top non-repeatable levels by time:
     D:1: 733 daAuts
     D:2: 716 daAuts
     D:3: 277 daAuts
